 Dungeon Crawl Stone Soup version 0.19-a0-1107-gc676ff4 (webtiles) character file.

3801 mistymad the Covert (level 9, -3/46 HPs)
             Began as a Spriggan Assassin on Aug 9, 2016.
             Was an Initiate of Gozag.
             Slain by Prince Ribbit (10 damage)
             ... on level 8 of the Dungeon.
             The game lasted 00:30:21 (8934 turns).

mistymad the Covert (Spriggan Assassin)             Turns: 8934, Time: 00:30:21

Health: -3/46      AC:  9    Str:  7    XL:     9   Next: 96%
Magic:  0/10       EV: 29    Int: 12    God:    Gozag
Gold:   346        SH:  9    Dex: 21    Spells: 0 memorised, 8 levels left

rFire  . . .     SeeInvis +     z - +1 dagger (elec)
rCold  . . .     Gourm    .     c - +1 robe
rNeg   . . .     Faith    .     f - +2 buckler {AC+3}
rPois  +         Spirit   +     (helmet restricted)
rElec  .         Dismiss  .     k - +2 cloak {rPois}
rCorr  .         Reflect  .     (gloves unavailable)
SustAt .         Harm     .     (boots unavailable)
MR     +....                    q - amulet of guardian spirit
Stlth  +++++++...               a - +3 ring of evasion
                                t - ring of stealth

@: very quick
A: unfitting armour, see invisible, herbivore 3, speed 3, slow metabolism 2
a: Potion Petition, Call Merchant, Bribe Branch, Renounce Religion


You were on level 8 of the Dungeon.
You worshipped Gozag.
Gozag was aware of your devotion.
You were not hungry.

You visited 2 branches of the dungeon, and saw 9 of its levels.
You also visited: Ossuary.

You collected 425 gold pieces.
You paid 79 gold pieces to Gozag.

Inventory:

Hand Weapons
 b - a +1 blowgun
 z - a +1 dagger of electrocution (weapon)
Missiles
 e - 18 poisoned needles
 w - 2 curare-tipped needles
 y - 4 needles of frenzy
Armour
 c - a +1 robe (worn)
 f - a +2 buckler of protection (worn)
 k - a +2 cloak of poison resistance (worn)
Jewellery
 a - a +3 ring of evasion (right hand)
 q - an amulet of guardian spirit (around neck)
 t - a ring of stealth (left hand)
 u - an uncursed ring of protection from fire
 v - an uncursed ring of poison resistance
 C - an uncursed amulet of harm {unknown}
 E - an uncursed ring of flight
Wands
 B - a wand of flame (48/48)
 D - a wand of digging (17/24)
Scrolls
 i - 3 scrolls of remove curse
 j - a scroll of enchant armour
 m - 2 scrolls of identify
 n - 2 scrolls of amnesia
 p - a scroll of enchant weapon
 x - 3 scrolls of teleportation
Potions
 d - 2 potions of magic
 h - 4 potions of mutation
 l - 2 potions of haste
 o - 2 potions of invisibility {unknown}
 r - 3 potions of heal wounds {unknown}
 s - 3 potions of curing {unknown}
 A - 4 potions of lignification {unknown}
 F - a potion of ambrosia {unknown}
Comestibles
 g - 5 bread rations


   Skills:
 + Level 4.6 Fighting
 + Level 7.2 Short Blades
 + Level 6.1 Throwing
 + Level 9.3 Dodging
 + Level 11.2 Stealth
 + Level 3.4 Shields


You had 8 spell levels left.
You didn't know any spells.

Dungeon Overview and Level Annotations

Branches:
Dungeon (8/15)             Temple (1/1) D:7
   Lair: D:8-11

Altars:
Ashenzari
Cheibriados
Dithmenos
Elyvilon
Fedhas
Gozag
Hepliaklqana
Kikubaaqudgha
Makhleb
Nemelex Xobeh
Okawaru
Qazlal
Ru
Sif Muna
Trog
Uskayaw
Vehumet
Xom
Yredelemnul
Zin
The Shining One

Annotations:
D:4 murphy's ghost, novice HEWz
D:8 Prince Ribbit


Innate Abilities, Weirdness & Mutations

You are tiny and cannot use many weapons and most armour.
You have supernaturally acute eyesight. (SInv)
You are a herbivore.
You cover ground extremely quickly.
You need consume almost no food.


Message History

You hit Prince Ribbit.
Prince Ribbit is heavily wounded.
Prince Ribbit misses you. Prince Ribbit closely misses you.
You hit Prince Ribbit.
Prince Ribbit is heavily wounded.
Prince Ribbit completely misses you.
You hit Prince Ribbit but do no damage.
Prince Ribbit is heavily wounded.
Prince Ribbit hits you. Prince Ribbit misses you.
You take 1 damage, and have 18/46 hp.
You barely miss Prince Ribbit.
Prince Ribbit is heavily wounded.
Prince Ribbit hits you!
* * * LOW HITPOINT WARNING * * *
You take 11 damage, and have 7/46 hp.
MASSIVE DAMAGE!!
You now have 2/10 mp.
You barely miss Prince Ribbit.
Prince Ribbit is heavily wounded.
Prince Ribbit hits you!
You die...
Your body crumbles into a pile of gold.

.....#####..##.####
.##....#.........<.
.......#.##.##.####
...###......!#.# #
.........##..#.####.##.#
≈...#...................
).#...#.###..#$.##.....
[#.#.#..# #..#$.##..##.#
.##...#.# #.....@.$....#
.# #...........$F.......
.# ###.........#.##.###
.# ######.###.# # ## ##
.# ##


You could see the neutral Prince Ribbit (insane).

Vanquished Creatures
  A two-headed ogre (D:5)
  Menkaure (D:7)
  Edmund (D:6)
  2 sky beasts
  5 orc warriors
  A phantom (D:5)
  4 ogres
  A big kobold (D:7)
  3 giant frogs
  A scorpion (D:4)
  11 killer bees
  4 howler monkeys
  A wight (D:6)
  A giant frog zombie (D:8)
  3 crimson imps (D:5)
  2 hounds
  A quasit (D:7)
  6 orc priests
  Crazy Yiuf (D:3)
  4 orc wizards
  2 iguanas
  Ijyb (D:3)
  5 worker ants
  Robin (D:3)
  A hound skeleton (D:4)
  15 gnolls
  16 adders
  2 shadow imps
  An ooze (D:6)
  2 adder skeletons
  2 worms
  A dart slug (D:4)
  7 giant geckos
  42 orcs
  8 giant cockroaches
  11 goblins
  23 hobgoblins
  18 jackals
  16 kobolds
  3 ball pythons
  8 bats
  9 giant newts
  2 goblin zombies (D:4)
  A quokka skeleton (D:4)
  12 rats
  A bush (D:2)
264 creatures vanquished.

Vanquished Creatures (others)
  A centaur (D:5)
  An adder (D:5)
2 creatures vanquished.

Grand Total: 266 creatures vanquished

Notes
Turn   | Place    | Note
-------+----------+-------------------------------------------
     0 | D:1      | mistymad the Spriggan Assassin began the quest for the Orb.
     0 | D:1      | Reached XP level 1. HP: 10/10 MP: 2/2
    22 | D:1      | Reached skill level 6 in Stealth
   190 | D:1      | Reached XP level 2. HP: 14/14 MP: 3/3
   560 | D:1      | Reached XP level 3. HP: 17/18 MP: 4/4
  1760 | D:2      | Reached XP level 4. HP: 22/22 MP: 5/5
  1985 | D:2      | Reached skill level 7 in Stealth
  2128 | D:2      | Reached XP level 5. HP: 25/25 MP: 6/6
  2968 | D:3      | Reached skill level 5 in Dodging
  2976 | D:3      | Noticed Ijyb
  2995 | D:3      | Killed Ijyb
  3011 | D:3      | Noticed Robin
  3061 | D:3      | Killed Robin
  3279 | D:3      | Reached XP level 6. HP: 26/30 MP: 5/7
  3697 | D:3      | Found a runed door.
  3784 | D:3      | Noticed Crazy Yiuf
  3788 | D:3      | Killed Crazy Yiuf
  3788 | D:3      | Reached skill level 8 in Stealth
  4129 | D:4      | Noticed murphy's ghost (novice HEWz)
  4297 | D:4      | Found a sand-covered staircase.
  4304 | Ossuary  | Entered an ossuary
  4311 | Ossuary  | Noticed 4thArraOfDagon's ghost (amateur TrAM)
  4567 | D:4      | Reached XP level 7. HP: 33/33 MP: 8/8
  4763 | D:4      | Reached skill level 5 in Short Blades
  4928 | D:5      | Entered Level 5 of the Dungeon
  5019 | D:5      | Reached skill level 9 in Stealth
  5181 | D:5      | Noticed a two-headed ogre
  5221 | D:5      | Killed a two-headed ogre
  5221 | D:5      | Reached XP level 8. HP: 39/39 MP: 9/9
  5372 | D:5      | Found a snail-covered altar of Cheibriados.
  5423 | D:5      | Found a shimmering altar of Xom.
  5496 | D:5      | Reached skill level 1 in Shields
  6469 | D:5      | Reached skill level 10 in Stealth
  6921 | D:6      | Noticed Edmund
  6984 | D:6      | Reached skill level 5 in Throwing
  6997 | D:6      | Killed Edmund
  6997 | D:6      | Reached XP level 9. HP: 30/44 MP: 7/10
  7186 | D:6      | Found a basalt altar of Yredelemnul.
  7992 | D:7      | Found a staircase to the Ecumenical Temple.
  7998 | D:7      | Noticed Menkaure
  8005 | D:7      | Killed Menkaure
  8015 | Temple   | Entered the Ecumenical Temple
  8248 | Temple   | Became a worshipper of Gozag Ym Sagoz the Greedy
  8528 | D:7      | Reached skill level 11 in Stealth
  8548 | D:7      | Found a glowing golden altar of the Shining One.
  8889 | D:8      | Noticed Prince Ribbit
  8934 | D:8      | Slain by Prince Ribbit

Vault maps used:
D:1:      dpeg_arrival_central, serial_bayou_lake_a
D:2:      lexackson_kobold_supper
D:3:      minmay_guardbox, uniq_crazy_yiuf_cottage, uniq_robin, uniq_iyjb
D:4:      enter_ossuary_4, minmay_quantized
D:5:      lemuel_crystal_altar, first_bread, xom_confusion_cloud
D:6:      kennysheep_mini_moat, st_stairs_1, minmay_bent, uniq_edmund
D:7:      tso_metal_star, uniq_menkaure
D:8:      the_bakery, kennysheep_another_room, uniq_grum, uniq_prince_ribbit1
Temple:   hc_temple_tempest_star
Ossuary:  ossuary_minmay_four_chambers

Skill      XL: |  1  2  3  4  5  6  7  8  9 |
---------------+----------------------------+-----
Stealth        | 6 7 8 9 10 11 | 11.2
Dodging        | 2 3 4 5 6 8 9 |  9.3
Short Blades   | 3 4 5 6 7 |  7.2
Throwing       | 3 4 5 6 |  6.1
Fighting       | 2 3 4 |  4.6
Shields        | 2 3 |  3.4

Action                   |  1- 3 |  4- 6 |  7- 9 || total
-------------------------+-------+-------+-------++-------
Melee: Dagger            |    75 |   505 |   537 ||  1117
 Fire: Blowgun           |     1 |    42 |    75 ||   118
  Use: Scroll            |       |     6 |    11 ||    17
 Stab: Sleeping          |    16 |    18 |    27 ||    61
       Distracted        |       |     2 |     4 ||     6
  Eat: Fruit             |       |       |     3 ||     3
       Bread ration      |       |       |     1 ||     1
Armor: Robe              |     7 |    39 |    37 ||    83
Dodge: Dodged            |    41 |   265 |   301 ||   607
Block: Buckler           |       |       |   150 ||   150
